 Dungeon Crawl Stone Soup version 0.31-a0-4-gefa6de2278 (webtiles) character file.

Game seed: 4841509228601814290

2461955 tabstorm the Conqueror (level 26, 266/266 HPs)
             Began as a Minotaur Berserker on Apr 28, 2023.
             Was the Champion of Trog.
             Escaped with the Orb
             ... and 4 runes on May 3, 2023!
             The game lasted 02:44:36 (62688 turns).

tabstorm the Conqueror (Minotaur Berserker)        Turns: 62688, Time: 02:44:36

Health: 266/266    AC: 43    Str: 38    XL:     26   Next: 7%
Magic:  22/22      EV: 30    Int:  4    God:    Trog [******]
Gold:   3924       SH:  0    Dex: 21    Spells: 25/25 levels left

rFire   + . .        s - +9 executioner's axe (flame)
rCold   + . .        (shield currently unavailable)
rNeg    + + +        E - +10 pearl dragon scales
rPois   +            k - -2 hat of the Alchemist {rElec rPois rF+ rC+ rN+ Will+ rMut rCorr}
rElec   +            F - +4 dragonskin cloak
rCorr   +            o - +2 pair of gloves of Greed {rC- Str+3 Slay+3}
SInv    +            G - +2 pair of boots
Will    ++...        L - amulet of faith
Stlth   +            t - ring of Wujysoh {rC+ Dex+6 SInv Stlth+}
HPRegen 0.64/turn    q - ring of Nyviegui {rN+ Str+6 Slay+4}
MPRegen 0.18/turn

%: resist mutation, faith
@: studying 2 skills
A: horns 2, retaliatory headbutt, passive freeze
0: Orb of Zot
}: 4/15 runes: decaying, slimy, silver, gossamer
a: Renounce Religion, Berserk, Trog's Hand, Brothers in Arms


You escaped.
You worshipped Trog.
Trog was exalted by your worship.
You visited 11 branches of the dungeon, and saw 53 of its levels.
You visited 1 bazaar.
You also visited: Gauntlet and Ice Cave.

You collected 8045 gold pieces.
You spent 4121 gold pieces at shops.

Inventory:

Hand Weapons
 m - a +5 antimagic executioner's axe
 s - a +9 executioner's axe of flaming (weapon)
Missiles
 B - a throwing net (quivered)
 W - 10 silver javelins
Armour
 k - the -2 hat of the Alchemist (worn) {rElec rPois rF+ rC+ rN+ Will+ rMut rCorr}
   (You found it on level 3 of the Elven Halls)

   rF:        It protects you from fire.
   rC:        It protects you from cold.
   rElec:     It insulates you from electricity.
   rPois:     It protects you from poison.
   rN:        It protects you from negative energy.
   rCorr:     It protects you from acid and corrosion.
   rMut:      It protects you from mutation.
   Will:      It increases your willpower.
 o - the +2 pair of gloves of Greed (worn) {rC- Str+3 Slay+3}
   (You found it on level 3 of the Elven Halls)

   Str:       It affects your strength (+3).
   Slay:      It affects your accuracy & damage with ranged weapons and melee
   (+3).
   rC:        It makes you vulnerable to cold.
 E - +10 pearl dragon scales (worn)
 F - the +4 dragonskin cloak (worn)
   (You took it off Tiamat on level 3 of the Realm of Zot)

   Avatar's Aegis: It grants the wearer a chance to resist fire, cold, poison,
   electricity, acid, and negative energy.
 G - a +2 pair of boots (worn)
Jewellery
 g - the ring "Qucwuikh" {rElec Will+ rCorr Slay+3}
   (You took it off a deep elf master archer on level 3 of the Elven Halls)

   [ring of willpower]

   Slay:      It affects your accuracy & damage with ranged weapons and melee
   (+3).
   rElec:     It insulates you from electricity.
   rCorr:     It protects you from acid and corrosion.
   Will:      It increases your willpower.
 l - an amulet of magic regeneration
 q - the ring of Nyviegui (right hand) {rN+ Str+6 Slay+4}
   (You acquired it on level 1 of the Lair of Beasts)

   [ring of strength]

   Str:       It affects your strength (+6).
   Slay:      It affects your accuracy & damage with ranged weapons and melee
   (+4).
   rN:        It protects you from negative energy.
 t - the ring of Wujysoh (left hand) {rC+ Dex+6 SInv Stlth+}
   (You found it on level 5 of the Pits of Slime)

   [ring of dexterity]

   Dex:       It affects your dexterity (+6).
   rC:        It protects you from cold.
   SInv:      It lets you see invisible.
   Stlth:     It makes you more stealthy.
 I - the ring of Nisagg {Fly rC++ Str-3 Dex+3}
   (You acquired it on level 5 of the Vaults)

   [ring of flight]

   Str:       It affects your strength (-3).
   Dex:       It affects your dexterity (+3).
   rC:        It greatly protects you from cold.
   Fly:       It grants you flight.
 J - the ring "Asias" {rN+ rCorr Str+6 Int+3 Stlth+}
   (You took it off a deep elf blademaster on level 3 of the Elven Halls)

   [ring of positive energy]

   Str:       It affects your strength (+6).
   Int:       It affects your intelligence (+3).
   rN:        It protects you from negative energy.
   rCorr:     It protects you from acid and corrosion.
   Stlth:     It makes you more stealthy.
 L - an amulet of faith (around neck)
 N - a ring of protection from fire
 O - a ring of protection from cold
 S - a +4 ring of slaying
Wands
 j - a wand of charming (57)
 u - a wand of digging (11)
 w - a wand of quicksilver (20)
 P - a wand of polymorph (37)
 T - a wand of mindburst (28)
 V - a wand of flame (91)
 Y - a wand of iceblast (17)
Scrolls
 c - 33 scrolls of identify
 d - 8 scrolls of fog
 f - 10 scrolls of teleportation
 p - 5 scrolls of blinking
 y - 12 scrolls of immolation
 z - 7 scrolls of fear
 Q - a scroll of enchant armour
 Z - 4 scrolls of butterflies
Potions
 a - 3 potions of mutation
 b - 5 potions of cancellation
 e - 24 potions of curing
 n - 7 potions of haste
 r - 12 potions of flight
 v - 4 potions of magic
 x - 3 potions of might
 A - 14 potions of heal wounds
 D - 7 potions of ambrosia
 K - a potion of invisibility
 R - 8 potions of brilliance
 X - a potion of resistance
Miscellaneous
 C - a piece from Xom's chessboard (15/15)
 H - a phial of floods (inert)
 M - a lightning rod (4/4)
 U - a box of beasts


   Skills:
 O Level 27 Fighting
 - Level 26.0 Axes
 * Level 24.8 Armour
 * Level 25.6 Dodging
 + Level 19.1 Evocations


You had 25 spell levels left.
You didn't know any spells.
Your spell library was empty.

Dungeon Overview and Level Annotations

Branches:
Dungeon (15/15)            Temple (0/1) D:6            Lair (5/5) D:9
  Swamp (4/4) Lair:2       Spider (4/4) Lair:2        Slime (5/5) Lair:5
    Orc (2/2) D:11            Elf (3/3) Orc:2        Vaults (5/5) D:13
  Crypt (0/3) Vaults:2     Depths (4/4) D:15           Hell (visited)
    Zot (5/5) Depths:4      IceCv (visited)         Gauntlet (visited)
    Dis: Hell:1         Geh: Hell:1         Coc: Hell:1         Tar: Hell:1

Altars:
Cheibriados
Dithmenos
Makhleb
Sif Muna
Trog
Uskayaw
Xom
Jiyva

Shops:
D:5 ?   Orc:1 :   Orc:2 [[[!*   Elf:2 (   Elf:3 !   Vaults:2 :   Vaults:4 (
Vaults:5 !   Depths:1 *(

Portals:
Hell: Depths:1 Depths:2 Depths:3 Depths:4
Abyss: Depths:3
Pandemonium: Depths:1 Depths:2 Depths:3 Depths:4
Ziggurat: Depths:3
Trove: D:11 (give +6 ice dragon scales)

Annotations:
D:4 2 transporters, BlasphemerAmon's ghost, weakling VSDe
D:8 Amaemon
Lair:2 1 runed translucent door, dolemite99's ghost, journeyman MiGl
Spider:4 exclusion: 3 doors
Elf:2 3 runed translucent doors
Hell Geryon
Zot:1 1 transporter


Innate Abilities, Weirdness & Mutations

You have a pair of horns on your head.
You reflexively headbutt those who attack you in melee.
A frigid envelope surrounds you and freezes all who hurt you.


Message History

There is a stone staircase leading down here.
There is a stone staircase leading up here.
You climb upwards.
There is a stone staircase leading down here.
You see here a +0 quarterstaff.
There is a stone staircase leading up here.
You climb upwards.
Level annotation: 2 transporters, BlasphemerAmon's ghost, weakling VSDe
There is a stone staircase leading down here.
The orc shouts!
You hear a shout!
A lorocyproca comes into view.
You slash the lorocyproca! You burn the lorocyproca.
The lorocyproca is lightly wounded.
You slice the lorocyproca!! You burn the lorocyproca.
The lorocyproca is heavily wounded.
You slice the lorocyproca!! You burn the lorocyproca.
The lorocyproca is almost dead.
The lorocyproca barely misses you. You furiously retaliate!
You headbutt the lorocyproca!!
You kill the lorocyproca!
Trog accepts your kill.
No target in view!
There is a stone staircase leading up here.
You climb upwards.
There is a stone staircase leading down here.
Unknown command.
Unknown command.
(D) Dungeon (T) Temple (L) Lair (S) Swamp (N) Spider Nest (M) Slime Pits (O) Orcish Mines (E) Elven Halls (V) Vaults (C) Crypt (U) Depths (H) Hell (Z) Zot
Where to? (Enter - D:1, ? - help)
There is a stone staircase leading up here.
You climb upwards.
There is a stone staircase leading down here.
There is a stone staircase leading up here.
You climb upwards.
There is a stone staircase leading down here.
There is a staircase leading out of the dungeon here.
You have escaped!

# #..# #...P.P..#...#####....
#####.## #..P#~#P.....#..†.....
......######..##~##..#.......†#..
..............~~~~~......#.######
.##..######...##~##.###.##.#
.###..##......P#~#P.# #.#..# ##
##....###...P.P..# #...## #
##..............###...# #
##.#.#.....@...##....#
#.#.#.#[......##..#.#
#####.#.#....P.P..##..#.###
##.....#.###.P#~#P.........####
##..##....# #.##~##.#...#.#..^.##
#..###.#### #.~~~~~...#.#.####..#
#.###..# #.##~##.###.#..####..
..###.## #.P#~#P.# #.##..####.
###...# ##..P.P..# #..........


There were no monsters in sight!

Vanquished Creatures
  the Royal Jelly (Slime:5)
  Tiamat (Zot:3)
  4 orbs of fire (Zot:5)
  An ancient lich (Vaults:5)
  A juggernaut (Depths:4)
  Vv (Zot:3)
  2 Killer Klowns (Zot:5)
  Saint Roka (Orc:2)
  Bai Suzhen (Vaults:3)
  2 curse toes
  2 caustic shrikes
  13 golden dragons
  Nikola (Vaults:1)
  A bone dragon (Depths:4)
  Arachne (Spider:2)
  An electric golem (Zot:5)
  A Tzitzimitl (D:14)
  15 tentacled monstrosities
  Rupert (D:15)
  A walking earthen tome (Depths:2)
  23 Orb Guardians
  A walking frostbound tome (Depths:3)
  5 liches
  Asterion (Lair:2)
  2 deep elf master archers (Elf:3)
  8 quicksilver dragons
  15 acid blobs
  A walking divine tome (Depths:4)
  2 deep elf blademasters (Elf:3)
  4 titans
  An Executioner (Zot:2)
  7 death cobs
  7 tengu reavers
  Agnes (Elf:2)
  9 shadow dragons
  A thorn hunter (Swamp:2)
  4 sphinxes
  Kirke (D:12)
  3 draconian monks
  10 rockslimes
  13 fire giants
  Donald (Orc:2)
  19 storm dragons
  6 deep elf sorcerers
  A draconian knight (Zot:1)
  6 azure jellies
  A balrug (Depths:1)
  4 spectral caustic shrikes (Depths:1)
  3 emperor scorpions (Spider:3)
  11 frost giants
  A cacodemon (Depths:2)
  3 iron dragons (Vaults:5)
  5 draconian scorchers
  An angel (D:15)
  11 ghost moths
  12 vault wardens
  21 ironbound preservers
  8 draconian shifters
  8 deep elf elementalists (Elf:3)
  2 orc warlords (Vaults:3)
  3 draconian stormcallers
  6 draconian annihilators
  2 ghouls (Swamp:4)
  15 very ugly things
  15 stone giants
  3 quicksilver oozes
  A broodmother (Spider:4)
  7 green draconians
  5 ironbound thunderhulks
  5 war gargoyles
  A reaper (Depths:2)
  15 black draconians
  5 deep elf demonologists
  2 eleionomae
  A lorocyproca (D:4)
  3 bunyips
  15 white draconians
  Azrael (D:12)
  5 spark wasps
  10 yellow draconians
  A minotaur (Gauntlet)
  9 deep elf annihilators
  5 dire elephants
  13 red draconians
  10 purple draconians
  3 crystal guardians
  8 deep elf death magi (Elf:3)
  An iron golem (Depths:1)
  2 green deaths (Swamp:4)
  11 ettins
  13 great orbs of eyes
  9 deep elf high priests
  A shambling mangrove (Swamp:2)
  11 fire dragons
  15 yaktaur captains
  Josephine (Spider:1)
  29 vault guards
  10 ice dragons
  6 entropy weavers
  4 rakshasas
  8 ironbound frosthearts
  13 hydras
  7 spriggan air magi
  3 peacekeepers
  16 centaur warriors
  A catoblepas (Lair:3)
  6 ghost crabs
  2 ogre magi (Vaults:5)
  12 two-headed ogres
  7 jorogumos
  2 radroaches
  6 boulder beetles
  9 dancing weapons
  10 alligators
  7 death yaks
  2 deep troll shamans (Depths:4)
  3 tengu warriors
  A thrashing horror (Swamp:4)
  7 deep troll earth magi
  2 hell hogs
  An orc high priest (Orc:2)
  3 spriggan berserkers
  8 deep elf knights
  A soul eater (Depths:4)
  2 hell knights
  3 sun demons
  5 iron trolls
  7 skeletal warriors (D:14)
  10 spriggan druids
  5 goliath frogs
  2 sun moths
  9 pharaoh ants
  A sixfirhy (Depths:2)
  15 orb spiders
  43 deep trolls
  A shadow demon (Depths:3)
  4 glowing orange brains
  8 swamp dragons
  5 bog bodies
  A glowing orange brain (shapeshifter) (Depths:3)
  15 deep elf archers
  An obsidian statue (Zot:5)
  2 flayed ghosts
  4 steelbarb worms
  7 wizards
  10 lindwurms
  3 phantasmal warriors (Vaults:5)
  11 orc knights
  5 orc sorcerers
  21 deep elf pyromancers
  18 ironbound convokers
  6 necromancers
  9 harpies
  49 ugly things
  25 deep elf zephyrmancers
  4 cyclopes
  19 wolf spiders
  An oklob plant (Gauntlet)
  39 moths of wrath
  2 shining eyes
  2 will-o-the-wisps
  7 black mambas
  11 elephants
  2 manticores
  A stone giant skeleton (Vaults:2)
  8 orange demons
  4 rust devils
  Joseph (D:7)
  5 demonic crawlers
  18 vault sentinels
  8 cane toads
  An eye of devastation (Slime:5)
  2 molten gargoyles (Lair:5)
  An ice statue (IceCv)
  5 torpor snails
  4 apocalypse crabs (Swamp:3)
  A hellion (D:10)
  Maggie (D:9)
  A rime drake (Lair:1)
  2 efreet (D:15)
  A kobold demonologist (D:11)
  A minotaur zombie (Gauntlet)
  13 komodo dragons
  27 yaktaurs
  3 tengu conjurers
  6 ice devils
  2 red devils
  5 trolls
  10 tyrant leeches
  A queen bee (shapeshifter) (Vaults:5)
  9 meliai
  A polar bear (shapeshifter) (D:13)
  3 hellwings
  A raiju (Gauntlet)
  11 polar bears
  21 tarantellas
  19 blink frogs
  14 hornets
  5 large abominations
  3 air elementals
  10 spriggans
  31 jumping spiders
  16 culicivoras
  48 slime creatures
  5 shadows
  A vampire (D:10)
  4 wraiths
  14 water elementals
  2 fire elementals (D:12)
  44 yaks
  4 wyverns
  A ynoxinul (Depths:2)
  4 fire bats (Gauntlet)
  2 neqoxecs (Depths:2)
  6 basilisks
  A chaos spawn (Depths:1)
  6 hogs (D:12)
  5 steam dragons
  12 vampire mosquitoes
  42 redbacks
  17 swamp worms
  A yaktaur simulacrum (Vaults:2)
  4 wargs
  6 hell hounds
  3 acid dragons
  12 water moccasins
  6 black bears
  30 orc warriors
  2 sky beasts
  A glowing shapeshifter skeleton (Vaults:2)
  3 ice beasts
  4 ogres
  13 wolves
  3 boggarts (Vaults:1)
  11 centaurs
  3 phantoms
  A kobold brigand (D:8)
  9 bullfrogs
  An elf simulacrum (Vaults:2)
  2 gnoll sergeants
  6 scorpions
  3 earth elementals
  An ogre simulacrum (Vaults:2)
  A troll zombie (D:11)
  13 killer bees
  12 electric eels
  6 howler monkeys
  4 hounds
  5 lava snakes (Lair:5)
  3 jellies
  21 orc priests
  Terence (D:2)
  39 orc wizards
  4 iguanas (D:5)
  5 ogre zombies (D:11)
  19 gnolls
  16 adders
  A shadow imp (D:6)
  A white imp (D:5)
  7 worms
  A dart slug (D:1)
  104 orcs
  2 ball pythons (D:4)
  6 endoplasms
  4 giant cockroaches
  4 goblins
  4 hobgoblins
  2 jackals (D:3)
  A quokka (D:2)
  2 bats (D:1)
  2 frilled lizards (D:3)
  A goblin skeleton (D:11)
  3 goblin zombies (D:11)
  A hobgoblin skeleton (D:11)
  2 hobgoblin zombies (D:11)
  4 kobolds (D:3)
  An orc skeleton (D:11)
  11 orc zombies (D:11)
  4 rats
  2 spectral weapons (Lair:2)
2046 creatures vanquished.

Vanquished Creatures (collateral kills)
  2 frost giants (Depths:3)
  A draconian stormcaller (Zot:3)
  A jorogumo (Spider:4)
  A deep elf pyromancer (Elf:2)
  An ugly thing (D:12)
  A moth of wrath (Spider:4)
  2 fire elementals (D:12)
  A hell hound (D:12)
  A gnoll sergeant (D:12)
  2 gnolls (D:12)
13 creatures vanquished.

Vanquished Creatures (others)
  A draconian annihilator (Zot:5)
  3 deep elf knights
  A wizard (Depths:3)
  A molten gargoyle (Lair:5)
  A yaktaur (Vaults:5)
  A freezing wraith (Vaults:5)
  A culicivora (Spider:1)
  A hell hound (Lair:5)
  A briar patch (Swamp:2)
  6 foxfires
  42 fungi
  53 plants
112 creatures vanquished.

Grand Total: 2171 creatures vanquished

Notes
Turn   | Place    | Note
-------+----------+-------------------------------------------
     0 | D:1      | tabstorm the Minotaur Berserker began the quest for the
                  | Orb.
     0 | D:1      | Reached XP level 1. HP: 19/19 MP: 0/0
   257 | D:1      | Reached skill level 4 in Fighting
   257 | D:1      | Reached XP level 2. HP: 20/27 MP: 1/1
   481 | D:1      | Found a faded altar of an unknown god.
   687 | D:2      | Reached XP level 3. HP: 33/33 MP: 2/2
   873 | D:2      | Reached skill level 5 in Axes
   914 | D:2      | You fall into a shaft and drop 2 floors!
   926 | D:4      | Found a transporter.
   928 | D:4      | Noticed a centaur
   929 | D:4      | Noticed BlasphemerAmon's ghost (weakling VSDe)
  1080 | D:3      | Identified the +4 dagger of Undoing {drain, Will+}
  1142 | D:3      | Reached XP level 4. HP: 41/41 MP: 3/3
  1167 | D:3      | Reached ** piety under Trog
  1900 | D:2      | Noticed Terence
  1913 | D:2      | Killed Terence
  2116 | D:4      | Reached skill level 5 in Fighting
  2116 | D:4      | Reached XP level 5. HP: 48/48 MP: 4/4
  2283 | D:4      | Found a transporter.
  2360 | D:4      | Found a shimmering altar of Xom.
  2372 | D:4      | Found a bloodstained altar of Trog.
  2420 | D:4      | Noticed an ogre
  2426 | D:4      | Killed an ogre
  2427 | D:4      | Reached XP level 6. HP: 57/57 MP: 5/5
  2602 | D:5      | Entered Level 5 of the Dungeon
  2613 | D:5      | Reached skill level 6 in Fighting
  2928 | D:5      | Reached XP level 7. HP: 52/63 MP: 6/6
  3260 | D:5      | Found Maid's Magic Scroll Shoppe.
  3268 | D:5      | Bought a scroll of identify for 30 gold pieces
  3268 | D:5      | Bought a scroll of identify for 30 gold pieces
  3268 | D:5      | Bought a scroll of teleportation for 45 gold pieces
  3506 | D:5      | Reached skill level 7 in Fighting
  3662 | D:5      | Reached XP level 8. HP: 73/73 MP: 7/7
  3860 | D:5      | Reached skill level 10 in Axes
  3861 | D:5      | Reached *** piety under Trog
  4144 | D:6      | Found a staircase to the Ecumenical Temple.
  4324 | D:7      | Reached skill level 8 in Fighting
  4783 | D:7      | Noticed Joseph
  4805 | D:7      | Killed Joseph
  4806 | D:7      | Reached XP level 9. HP: 63/82 MP: 8/8
  4940 | D:7      | Paralysed by a hornet for 3 turns
  5102 | D:7      | Reached skill level 9 in Fighting
  5438 | D:6      | Reached skill level 5 in Armour
  6043 | D:8      | Noticed a two-headed ogre
  6049 | D:8      | Killed a two-headed ogre
  6227 | D:8      | Noticed a brown ugly thing
  6273 | D:8      | Reached skill level 10 in Fighting
  6273 | D:8      | Reached XP level 10. HP: 82/93 MP: 9/9
  6590 | D:8      | Noticed a two-headed ogre
  6611 | D:8      | Killed a two-headed ogre
  6679 | D:8      | Killed a brown ugly thing
  6765 | D:8      | Found a shimmering blue altar of Sif Muna.
  6770 | D:8      | Noticed an orange demon
  6783 | D:8      | Killed an orange demon
  6829 | D:8      | Noticed Amaemon
  6902 | D:9      | Noticed Maggie
  6910 | D:9      | Killed Maggie
  7083 | D:9      | Found a staircase to the Lair.
  7087 | D:9      | Reached skill level 11 in Fighting
  7217 | D:9      | Found a shadowy altar of Dithmenos.
  7293 | D:9      | Reached **** piety under Trog
  7294 | D:9      | Reached skill level 15 in Axes
  7530 | D:9      | Gained mutation: You possess an exceptional clarity of
                  | mind. [potion of mutation]
  7530 | D:9      | Gained mutation: You are agile. (Dex +4, Str/Int -1)
                  | [potion of mutation]
  7531 | D:9      | Lost mutation: You possess an exceptional clarity of mind.
                  | [potion of mutation]
  7531 | D:9      | Lost mutation: You are agile. (Dex +4, Str/Int -1) [potion
                  | of mutation]
  7531 | D:9      | Gained mutation: Your mind is acute. (Int +4, Str/Dex -1)
                  | [potion of mutation]
  7531 | D:9      | Gained mutation: You have sharp toenails. [potion of
                  | mutation]
  7531 | D:9      | Gained mutation: Your system is resistant to poisons.
                  | (rPois) [potion of mutation]
  7532 | D:9      | good
  7533 | D:10     | Entered Level 10 of the Dungeon
  7935 | D:10     | Reached XP level 11. HP: 93/102 MP: 10/10
  8212 | D:10     | Noticed a two-headed ogre
  8222 | D:10     | Killed a two-headed ogre
  8590 | D:11     | Noticed a two-headed ogre
  8599 | D:11     | Killed a two-headed ogre
  8965 | D:11     | Reached skill level 12 in Fighting
  9033 | D:11     | Found a portal to a secret trove of treasure.
  9114 | D:11     | Found a staircase to the Orcish Mines.
  9121 | D:11     | Reached ***** piety under Trog
  9429 | D:11     | Noticed Erolcha
  9431 | D:11     | Erolcha changed into Erolcha the basilisk
  9431 | D:11     | Noticed Erolcha
  9442 | D:11     | Killed Erolcha the basilisk
  9517 | D:11     | Noticed a two-headed ogre
  9521 | D:11     | Killed a two-headed ogre
  9652 | Lair:1   | Entered Level 1 of the Lair of Beasts
  9738 | Lair:1   | Found a frozen archway.
  9742 | Lair:1   | Reached skill level 10 in Armour
  9753 | IceCv    | Entered an ice cave
  9858 | IceCv    | Noticed a white ugly thing
  9865 | IceCv    | Killed a white ugly thing
  9998 | IceCv    | Reached XP level 12. HP: 104/113 MP: 11/11
 10004 | IceCv    | Reached skill level 1 in Evocations
 10188 | IceCv    | Noticed an ironbound frostheart
 10188 | IceCv    | Noticed an ironbound frostheart
 10197 | IceCv    | huh is that 10 turns now?
 10226 | IceCv    | Killed an ironbound frostheart
 10234 | IceCv    | Killed an ironbound frostheart
 10295 | IceCv    | Identified the ring "Tifoex" {Wiz MP+9 Int+4}
 10332 | IceCv    | awful loot..
 10872 | Lair:1   | we roll with it
 11127 | Lair:1   | Reached skill level 5 in Dodging
 11446 | Lair:1   | Identified a scroll of acquirement
 11446 | Lair:1   | Acquired the ring of Nyviegui {rN+ Str+6 Slay+4}
 11465 | Lair:2   | Found a hole to the Spider Nest.
 11528 | Lair:2   | Received a gift from Trog
 11593 | Lair:2   | perfect
 11741 | Lair:2   | Found a staircase to the Swamp.
 11867 | Lair:2   | Identified the +5 hand axe of the Shoals {drain, SInv}
 12183 | Lair:2   | Found the +8 whip "Snakebite" {venom, curare, rPois}
 12340 | Lair:2   | Found a runed translucent door.
 12343 | Lair:2   | Noticed dolemite99's ghost (journeyman MiGl)
 12344 | Lair:2   | Identified the +6 trident of the Equator {flame, rPois}
 12450 | Lair:3   | Found a gate leading to a gauntlet.
 12464 | Gauntlet | Entered a Gauntlet
 12464 | Gauntlet | Found a transporter.
 12467 | Gauntlet | Found a transporter.
 12471 | Gauntlet | Found a transporter.
 12483 | Gauntlet | Found a transporter.
 12484 | Gauntlet | Found a transporter.
 12488 | Gauntlet | Noticed a hell hog
 12495 | Gauntlet | Found a transporter.
 12503 | Gauntlet | Found a transporter.
 12507 | Gauntlet | Found a transporter.
 12510 | Gauntlet | Noticed a death yak
 12511 | Gauntlet | Noticed a death yak
 12512 | Gauntlet | Noticed a death yak
 12516 | Gauntlet | Found a transporter.
 12536 | Gauntlet | Found a transporter.
 12548 | Gauntlet | Found a transporter.
 12551 | Gauntlet | Found a transporter.
 12560 | Gauntlet | Found a transporter.
 12572 | Gauntlet | Found a transporter.
 12599 | Gauntlet | Reached XP level 13. HP: 119/119 MP: 12/12
 12738 | Gauntlet | Reached skill level 5 in Evocations
 12936 | Gauntlet | Identified the -1 helmet of Gehenna {Regen+ Str+2}
 12956 | Gauntlet | Identified the +3 ring mail of Liriagad {rElec Will+ Str+2}
 12956 | Gauntlet | Noticed a minotaur
 12967 | Gauntlet | Killed a minotaur
 13533 | Lair:3   | Received a gift from Trog
 15138 | Lair:5   | Entered Level 5 of the Lair of Beasts
 15191 | Lair:5   | Reached XP level 14. HP: 73/127 MP: 13/13
 15717 | Lair:5   | Found a viscous altar of Jiyva.
 15718 | Lair:5   | Found a staircase to the Slime Pits.
 15762 | Lair:5   | Reached ****** piety under Trog
 16315 | Lair:5   | Found a large runed translucent door.
 16446 | Lair:5   | Found a large runed translucent door.
 17033 | Orc:1    | Entered Level 1 of the Orcish Mines
 17160 | Orc:2    | Entered Level 2 of the Orcish Mines
 17187 | Orc:2    | Noticed Saint Roka
 17195 | Orc:1    | Received a gift from Trog
 17282 | Orc:1    | Found Itsafuo's Book Emporium.
 17481 | Orc:2    | Noticed Donald
 17502 | Orc:2    | Killed Donald
 17637 | Orc:2    | Killed Saint Roka
 17774 | Orc:2    | Found a staircase to the Elven Halls.
 17841 | Orc:2    | Found Ofyirrot's Distillery.
 17841 | Orc:2    | Found Weypon's Armour Shop.
 17858 | Orc:2    | Found Irejusor's Armour Boutique.
 17870 | Orc:2    | Found Otrioclilan's Armour Boutique.
 17903 | Orc:2    | !!!
 17909 | Orc:2    | Bought +0 pearl dragon scales for 1800 gold pieces
 18030 | Orc:2    | Received a gift from Trog
 18193 | Orc:2    | Found Ethrikhli's Assorted Antiques.
 18344 | D:12     | Noticed Kirke
 18364 | D:12     | Killed Kirke
 18465 | D:12     | Noticed Azrael
 18475 | D:12     | Killed Azrael
 18938 | D:13     | Reached XP level 15. HP: 94/134 MP: 14/14
 18965 | D:13     | Received a gift from Trog
 18971 | D:13     | Reached skill level 10 in Evocations
 19428 | D:13     | Found a gate to the Vaults.
 19744 | D:13     | Identified the +6 short sword of Doom {holy, rElec rN+
                  | Will- Dex+3}
 20774 | D:14     | Found a burning altar of Makhleb.
 20848 | D:15     | Entered Level 15 of the Dungeon
 20911 | D:15     | Found a hide-covered altar of Uskayaw.
 21057 | D:15     | Noticed Rupert
 21065 | D:15     | Killed Rupert
 21437 | D:15     | Acquired the ring "Xoymergh" {rCorr MP+9}
 21643 | D:15     | Found a staircase to the Depths.
 21826 | Orc:2    | Bought a scroll of identify for 68 gold pieces
 21982 | Spider:1 | Entered Level 1 of the Spider Nest
 21982 | Spider:1 | Noticed Asterion
 21993 | Lair:2   | Noticed an Executioner
 21993 | Lair:2   | Killed Asterion
 22343 | Spider:1 | Received a gift from Trog
 22534 | Spider:1 | Noticed Josephine
 22542 | Spider:1 | Killed Josephine
 22621 | Spider:1 | Reached XP level 16. HP: 105/141 MP: 1/15
 23245 | Spider:3 | Received a gift from Trog
 24504 | Spider:3 | Paralysed by a jorogumo for 2 turns
 24590 | Spider:3 | Received a gift from Trog
 24662 | Spider:3 | Reached skill level 13 in Fighting
 25418 | Spider:4 | Entered Level 4 of the Spider Nest
 25627 | Spider:4 | Reached skill level 14 in Fighting
 25671 | Spider:4 | Identified the +0 ring mail "Washraph" {Fly rPois Int-5
                  | Dex-2}
 26095 | Spider:4 | Received a gift from Trog
 27137 | Spider:4 | Reached XP level 17. HP: 127/154 MP: 16/16
 27270 | Spider:4 | Reached skill level 15 in Fighting
 28268 | Spider:4 | Got a gossamer rune of Zot
 28835 | Spider:2 | Identified the +0 robe "Tuoluo" {Harm rCorr Dex+4 Archmagi}
 28890 | Spider:2 | Noticed Arachne
 28902 | Spider:2 | Killed Arachne
 29373 | Swamp:1  | Entered Level 1 of the Swamp
 30413 | Swamp:2  | Received a gift from Trog
 30510 | Swamp:2  | Reached skill level 16 in Fighting
 30974 | Swamp:2  | Identified the +8 war axe of Circular Logic {pain, rPois
                  | Dex+4}
 31432 | Swamp:3  | Reached skill level 17 in Fighting
 31432 | Swamp:3  | Reached XP level 18. HP: 170/170 MP: 17/17
 31783 | Swamp:3  | Found a runed translucent door.
 31789 | Swamp:3  | Received a gift from Trog
 32731 | Swamp:3  | Identified the ring "Otuth" {rPois rC- rN+ Will+ SInv}
 32897 | Swamp:4  | Entered Level 4 of the Swamp
 33026 | Swamp:4  | Reached skill level 18 in Fighting
 33145 | Swamp:4  | Reached XP level 19. HP: 127/179 MP: 18/18
 33341 | Swamp:4  | Reached skill level 10 in Dodging
 33500 | Swamp:4  | Got a decaying rune of Zot
 34020 | Lair:2   | that was useless
 34032 | Lair:1   | Upgraded the game from 0.30-a0-1163-gf69bf04e7a to
                  | 0.31-a0-4-gefa6de2278
 34186 | Vaults:1 | Entered Level 1 of the Vaults
 34191 | Vaults:1 | Received a gift from Trog
 34538 | Elf:1    | Entered Level 1 of the Elven Halls
 34553 | Elf:1    | Found a flickering gateway to a bazaar.
 34558 | Bazaar   | Entered a bazaar
 34558 | Bazaar   | Found Syngysyts's Jewellery Boutique.
 34558 | Bazaar   | Found Hozotyez's Jewellery Shoppe.
 34558 | Bazaar   | Found Xaxuum's Antique Weapon Shop.
 34558 | Bazaar   | Found Neqeipsa's General Store.
 34562 | Bazaar   | Found Ohef's Distillery.
 34599 | Bazaar   | this bazaar is poop
 34599 | Bazaar   | Bought a scroll of identify for 14 gold pieces
 34599 | Bazaar   | Bought a scroll of teleportation for 21 gold pieces
 34599 | Bazaar   | Bought a scroll of fear for 28 gold pieces
 34602 | Bazaar   | Bought a potion of cancellation for 104 gold pieces
 34602 | Bazaar   | Bought a potion of haste for 130 gold pieces
 34602 | Bazaar   | Bought a potion of mutation for 104 gold pieces
 34602 | Bazaar   | Bought a potion of flight for 39 gold pieces
 34602 | Bazaar   | Bought a potion of flight for 39 gold pieces
 34602 | Bazaar   | Bought a potion of flight for 39 gold pieces
 34602 | Bazaar   | Bought a potion of flight for 39 gold pieces
 34626 | Bazaar   | Bought a runed battleaxe for 171 gold pieces
 34626 | Bazaar   | Bought a runed battleaxe for 171 gold pieces
 35352 | Elf:1    | Received a gift from Trog
 35794 | Orc:2    | Bought a scarf of resistance for 448 gold pieces
 36018 | Elf:2    | Reached skill level 15 in Armour
 36266 | Elf:2    | Found Bonkeof's Weapon Shop.
 36378 | Elf:2    | Noticed Agnes
 36385 | Elf:2    | Killed Agnes
 36601 | Elf:2    | Received a gift from Trog
 36896 | Elf:2    | Found a runed translucent gate.
 36896 | Elf:2    | Found a runed translucent gate.
 36896 | Elf:2    | Found a runed translucent gate.
 37031 | Elf:3    | Entered Level 3 of the Elven Halls
 37383 | Elf:3    | Found Feifyopp's Distillery.
 37402 | Elf:3    | Bought a potion of haste for 120 gold pieces
 37402 | Elf:3    | Bought a potion of heal wounds for 60 gold pieces
 37402 | Elf:3    | Bought a potion of curing for 36 gold pieces
 37504 | Elf:3    | Identified the ring "Asias" {rN+ rCorr Str+6 Int+3 Stlth+}
 37606 | Elf:3    | Received a gift from Trog
 37655 | Elf:3    | Reached skill level 19 in Fighting
 37655 | Elf:3    | Reached XP level 20. HP: 191/191 MP: 19/19
 37663 | Elf:3    | Identified the ring "Enadiry" {+Blink rN+ Will+ Str+3
                  | Int-4}
 38040 | Elf:3    | Identified the +0 pearl dragon scales of Integrity {Harm
                  | rF+ rN+}
 38040 | Elf:3    | Identified the ring "Qucwuikh" {rElec Will+ rCorr Slay+3}
 38272 | Elf:3    | Identified the +9 falchion of Ignis's Hatred {pain, *Slow
                  | rElec Str+2}
 38572 | Elf:3    | Received a gift from Trog
 38710 | Elf:3    | Found the -2 hat of the Alchemist {rElec rPois rF+ rC+ rN+
                  | Will+ rMut rCorr}
 38723 | Elf:3    | Identified the +2 hat "Afigerr" {-Cast Will+ Slay+4}
 38738 | Elf:3    | gaming
 38741 | Elf:3    | Identified the +2 pair of gloves of Greed {rC- Str+3
                  | Slay+3}
 38745 | Elf:3    | Identified the +2 pair of gloves of Xuuwkuze {Fly}
 38792 | Elf:3    | Identified the staff of earth "Pabu Voi" {rElec rF+ rN+}
 38793 | Elf:3    | Identified the staff of conjuration "Pepretz" {rElec rPois
                  | rCorr Dex-5}
 38805 | Elf:3    | whoa there are artifact elemental staves now
 38956 | Elf:3    | this was a really good elf
 39065 | Elf:3    | Reached skill level 15 in Evocations
 39880 | Vaults:1 | Identified the +9 whip "Thing" {antimagic, rElec rPois rC+
                  | Int-5}
 39979 | Vaults:1 | You are sucked into a shaft and drop 1 floor!
 40065 | Vaults:2 | Found a staircase to the Crypt.
 40096 | Vaults:2 | Found Ugimimuh's Book Shoppe.
 40109 | Vaults:2 | Reached skill level 20 in Fighting
 40178 | Vaults:2 | Identified the +8 broad axe "Peufa" {flame, Dex+4} (Trog
                  | gifted it to you on level 2 of the Vaults)
 40178 | Vaults:2 | Received a gift from Trog
 40803 | Vaults:2 | cool room
 41095 | Vaults:2 | Identified the +1 arbalest of Qaczino {elec, *Slow rCorr
                  | Str-4 Stlth+}
 41099 | Vaults:2 | Identified the +9 arbalest "Ennyj" {flame, rF+ Will- Int+3
                  | SInv}
 41447 | Vaults:2 | Reached skill level 15 in Dodging
 41659 | Vaults:1 | Noticed Nikola
 41671 | Vaults:1 | Killed Nikola
 42120 | Vaults:1 | Reached skill level 21 in Fighting
 42166 | Vaults:1 | Reached XP level 21. HP: 196/204 MP: 20/20
 43002 | Vaults:3 | Received a gift from Trog
 43578 | Vaults:3 | Received a gift from Trog
 43885 | Vaults:3 | Noticed Bai Suzhen
 43894 | Vaults:3 | Killed Bai Suzhen
 44278 | Vaults:3 | Reached skill level 22 in Fighting
 44804 | Slime:1  | Entered Level 1 of the Pits of Slime
 44970 | Slime:4  | Gained mutation: You do not regenerate when monsters are
                  | visible. [a shining eye]
 45019 | Slime:5  | Entered Level 5 of the Pits of Slime
 45393 | Slime:4  | Received a gift from Trog
 45495 | Slime:5  | Found a viscous altar of Jiyva.
 45495 | Slime:5  | Noticed the Royal Jelly
 45527 | Slime:5  | Found the +5 Storm Queen's Shield {shock, Fly rElec}
 45540 | Slime:5  | Killed the Royal Jelly
 46082 | Slime:5  | Identified the ring of Wujysoh {rC+ Dex+6 SInv Stlth+}
 46111 | Slime:5  | Identified the ring of Lorpho {*Slow rElec Will+++ Str+6
                  | Int+3}
 46117 | Slime:5  | Identified the +5 robe of Nuanebao {+Inv rF+ rC- rCorr}
 46119 | Slime:5  | Got a slimy rune of Zot
 46122 | Slime:5  | Identified the staff of cold "Ved Ytz" {rElec rC+ Dex+3}
 46144 | Slime:5  | Identified the ring "Wutwanim" {rElec EV+5 Dex+3}
 46163 | Slime:5  | Acquired 667 gold pieces
 46193 | Slime:5  | Identified the ring of Wishful Thinking {Int+6 SInv}
 46205 | Slime:5  | Identified the +5 chain mail of the Depths {*Slow rC+ Dex+3
                  | SInv}
 46235 | Slime:5  | Identified the +0 morningstar of the Desert {flame, *Rage
                  | rElec Str-5 Dex+5}
 46706 | Depths:1 | Entered Level 1 of the Depths
 46762 | Depths:1 | Found a gateway to Hell.
 46870 | Depths:1 | Found Eseobepp's General Store.
 46888 | Depths:1 | Bought a scroll of teleportation for 57 gold pieces
 47016 | Depths:1 | Found a snail-covered altar of Cheibriados.
 47252 | Depths:1 | Reached XP level 22. HP: 217/217 MP: 21/21
 47273 | Depths:1 | Acquired a manual of Dodging
 47573 | Depths:1 | Received a gift from Trog
 47672 | Depths:1 | Found a one-way gate leading to the halls of Pandemonium.
 47802 | Depths:1 | Found Pekud's Antique Weapon Boutique.
 47926 | Depths:1 | Lost mutation: Your mind is acute. (Int +4, Str/Dex -1)
                  | [potion of mutation]
 47926 | Depths:1 | Lost mutation: You have sharp toenails. [potion of
                  | mutation]
 47926 | Depths:1 | Gained mutation: You are frail. (-10% HP) [potion of
                  | mutation]
 47927 | Depths:1 | Lost mutation: Your system is resistant to poisons. (rPois)
                  | [potion of mutation]
 47927 | Depths:1 | Lost mutation: You do not regenerate when monsters are
                  | visible. [potion of mutation]
 47927 | Depths:1 | Lost mutation: You are frail. (-10% HP) [potion of
                  | mutation]
 47978 | Depths:2 | Noticed a golden dragon
 47984 | Depths:2 | Killed a golden dragon
 47985 | Depths:2 | Reached skill level 23 in Fighting
 48445 | Depths:2 | Noticed a caustic shrike
 48449 | Depths:2 | Killed a caustic shrike
 48742 | Depths:2 | Received a gift from Trog
 48781 | Depths:2 | Noticed a golden dragon
 48785 | Depths:2 | Killed a golden dragon
 49574 | Depths:3 | Found a one-way gateway to a ziggurat.
 50101 | Depths:3 | Noticed a caustic shrike
 50108 | Depths:3 | Killed a caustic shrike
 50188 | Depths:3 | Identified the +6 ring mail of the Harp {Rampage Will+
                  | Stlth+}
 50213 | Depths:3 | Identified the +9 battleaxe of Red Wine {flame, Dex+2
                  | Stlth+} (Trog gifted it to you on level 3 of the Depths)
 50213 | Depths:3 | Received a gift from Trog
 50496 | Depths:3 | Noticed a golden dragon
 50508 | Depths:3 | Killed a golden dragon
 50554 | Depths:3 | Identified the +1 great mace "Buoditurch" {antimagic,
                  | *Corrode +Blink Int+10}
 50554 | Depths:3 | Found the ring of the Octopus King {rC+ HP+2 AC+2 EV+2
                  | SH+2}
 50943 | Depths:3 | Found a one-way gate to the infinite horrors of the Abyss.
 51098 | Hell     | Entered the Vestibule of Hell
 51098 | Hell     | Noticed Geryon
 51128 | Depths:4 | Entered Level 4 of the Depths
 51345 | Depths:4 | Received a gift from Trog
 51435 | Depths:4 | Reached skill level 24 in Fighting
 51542 | Depths:4 | Noticed a juggernaut
 51549 | Depths:4 | Killed a juggernaut
 51593 | Depths:4 | Reached XP level 23. HP: 135/229 MP: 22/22
 51811 | Depths:4 | Found a gate to the Realm of Zot.
 52133 | Depths:4 | Identified the +6 broad axe "Nytyffas" {flame, rElec rF+
                  | Will- Str+4} (Trog gifted it to you on level 4 of the
                  | Depths)
 52133 | Depths:4 | Received a gift from Trog
 53022 | Vaults:4 | Received a gift from Trog
 53590 | Vaults:4 | Found Laixosed's Weapon Shop.
 53858 | Vaults:4 | Identified the +0 ring mail of Jigsaw {Rampage rF+ rC+
                  | rCorr}
 53918 | Vaults:4 | Identified the +0 scale mail "Akejuuda" {Will+}
 54179 | Vaults:5 | Entered Level 5 of the Vaults
 54202 | Vaults:5 | Reached skill level 25 in Fighting
 54386 | Vaults:5 | Received a gift from Trog
 54780 | Vaults:5 | Found Fokliskokk's Distillery.
 54786 | Vaults:5 | Bought a potion of might for 64 gold pieces
 54786 | Vaults:5 | Bought a potion of cancellation for 128 gold pieces
 54786 | Vaults:5 | Bought a potion of heal wounds for 80 gold pieces
 54786 | Vaults:5 | Bought a potion of resistance for 160 gold pieces
 54786 | Vaults:5 | Bought a potion of curing for 48 gold pieces
 54786 | Vaults:5 | Bought a potion of curing for 48 gold pieces
 54831 | Vaults:5 | Noticed an ancient lich
 54836 | Vaults:5 | Killed an ancient lich
 54877 | Vaults:5 | Reached XP level 24. HP: 228/243 MP: 22/22
 54883 | Vaults:5 | Got a silver rune of Zot
 55022 | Vaults:5 | Acquired the ring of Nisagg {Fly rC++ Str-3 Dex+3}
 55122 | Vaults:5 | Identified the ring "Myantaud" {Str+2 Int+3 Dex+6}
 55127 | Vaults:5 | Received a gift from Trog
 55520 | Vaults:5 | Identified the +2 leather armour of Springtime {rC+ Dex+3}
 55669 | Vaults:5 | Identified the +3 battleaxe of the Assorted Cities {heavy,
                  | Fly rCorr Int+4}
 55851 | Vaults:5 | Identified the staff of earth "Kifeteno" {rPois rC- Will++}
 56554 | Zot:1    | Entered Level 1 of the Realm of Zot
 56893 | Zot:1    | Found a transporter.
 56895 | Zot:1    | Noticed an orb of fire
 56897 | Zot:1    | Found a shimmering blue altar of Sif Muna.
 57043 | Zot:1    | Received a gift from Trog
 57253 | Zot:1    | Reached skill level 26 in Fighting
 57492 | Zot:1    | Noticed an ancient lich
 57507 | Zot:1    | Noticed an ancient lich
 57550 | Zot:1    | Identified the +2 scale mail "Geusipn" {Str+2 Stlth+}
 58170 | Zot:2    | Identified the +5 sling "Uheh" {drain, SInv}
 58576 | Zot:3    | You fall into a shaft and drop 1 floor!
 58623 | Zot:3    | Noticed Vv
 58642 | Zot:3    | Killed Vv
 58668 | Zot:3    | Found the +4 dragonskin cloak
 58668 | Zot:3    | Noticed Tiamat
 58678 | Zot:3    | Reached XP level 25. HP: 255/255 MP: 22/22
 58697 | Zot:3    | Killed Tiamat
 58725 | Zot:3    | Received a gift from Trog
 59981 | Zot:4    | Reached skill level 27 in Fighting
 60412 | Zot:4    | Received a gift from Trog
 60901 | Zot:4    | Acquired a manual of Armour
 60904 | Zot:5    | Entered Level 5 of the Realm of Zot
 61868 | Zot:5    | Noticed an orb of fire
 61872 | Zot:5    | Noticed an orb of fire
 61874 | Zot:5    | Noticed an orb of fire
 61876 | Zot:5    | Noticed a Killer Klown
 61877 | Zot:5    | Noticed a Killer Klown
 61882 | Zot:5    | Killed an orb of fire
 61884 | Zot:5    | Noticed an orb of fire
 61888 | Zot:5    | Gained mutation: Your body sometimes deteriorates upon
                  | taking damage. [an orb of fire]
 61891 | Zot:5    | Killed an orb of fire
 61892 | Zot:5    | Killed a Killer Klown
 61895 | Zot:5    | Killed an orb of fire
 61902 | Zot:5    | Killed an orb of fire
 61903 | Zot:5    | Killed a Killer Klown
 61962 | Zot:5    | Received a gift from Trog
 61966 | Zot:5    | thanks trog good timing
 62124 | Zot:5    | Reached XP level 26. HP: 259/266 MP: 22/22
 62132 | Zot:5    | Got the Orb of Zot
 62150 | Zot:5    | Noticed an orb of fire
 62152 | Zot:5    | Gained mutation: Armour fits poorly on your strangely
                  | shaped body. [an orb of fire]
 62153 | Zot:5    | Noticed an orb of fire
 62408 | D:15     | Lost mutation: Your body sometimes deteriorates upon taking
                  | damage. [potion of mutation]
 62408 | D:15     | Lost mutation: Armour fits poorly on your strangely shaped
                  | body. [potion of mutation]
 62408 | D:15     | Gained mutation: A frigid envelope surrounds you and
                  | freezes all who hurt you. [potion of mutation]
 62688 | D:$      | Escaped with the Orb!

Illustrated notes #.....)..# #.....#...### #........# #.###.###.##. #........# #.#...#...##. #........# #.#.###.#.##. #........####.#.....#.##. #........#....#######.##. #........#.##...#...>.##. #.)......'.##.#.#.#####.. #.......@####.#.#.#.....# #........# #.#.#.#.#.### #####'#### #.#.....#.# ##.# ####.###### #..# #.# #.## ##.# ###'## #..# #.)..# #'####### #.)..# ######.#.....# Turn 7532 on D:9: good # #### #### #. ###...##~~≈ php ##..##..~#~~ ..hh #..#####.~~# #h..Y ########..#....### #...##@..##...#..#..... #hYh##...#########... ########## #... #### Turn 10197 on IceCv: huh is that 10 turns now? ##..### ##.... ##..# ### ##.. ##)## #.. ##.#)## ##. #.#=#.# ###### ## ##.#[#####....### # ##)#.##...#.@.∩# # ####....####### # ##...#### #### ####### ###...## ###...##~~≈#~~ #....## ##..##..~#~~~~# #.....## #..#####.~~#~#~ ###....##########..#....#####~ ###...##...##...#..#.....### ###†[[##...#########...# Turn 10332 on IceCv: awful loot..

#P.....#####.#...,* *,,,,* *
#........÷........# *,,,,* *
..................# *,,,,** *
..................# *,,,,,*
..................# *,,,,,*
..................# *,,,,** *
##................# *,,,,****
#................######*,,,,,,,,
#..............@.......,,,,,,,,,
##......................,,,,,,,,,
#P>.....................,,,,,,,,,
##......................,,,,,**,*
#................######,,,,,****
##................# **,,,,*
#P................## *,,,,**
##.................# *,,,,,*
#................## *,,,,**


Turn 10872 on Lair:1: we roll with it ##.##.......< #P..#...†.... ###........††.
#.........††.. ####..........††. #.#.............. ##...............
###................ ##.@..##....#....... #.....###.####......
##....##...#.##...... #......#....##....... #P..........>..........
.........#.....#....... .......#..#.#.#.##...... .........#.#B.####......
....##.........#....... Turn 11593 on Lair:2: perfect .............##..#....
..............##...... . ....#####......#.#.... .......#.#..)....#.##...
.....#.....#))...#.#.... .... ##...###))..#..#... #..#.....#))#..#..>...
##...#∩#)))##..#...... #....@.∩.)))#..#...... ##...#∩#...##..#.#....
#..#.....#..#..#...... .... ##...###....#.#.... ... #..... ....#...... ..
..#.#.. ....#...... . ..#####......#.^.... ... ... .##...... ##....... Turn
17903 on Orc:2: !!! ###.§.^§.§.......##.... #.§§.~~~.........##....
##§§§§§~≈......P.####.. #§.§§§≈~.....#### #.. ###..§§§~~.....P# ###
#######....§§§~.....### #....................###### #...................###.#.##
# #............@.............### #...............).............
#............................. #.............................
#......................(...... #.......>.....................
#............................. #...........................[.
#..........................### Turn 34020 on Lair:2: that was useless
≈≈≈§§≈≈≈≈≈≈§ §≈ §≈≈≈≈≈≈≈≈≈≈≈§§≈§ ≈§≈≈≈≈§≈≈≈≈§§§≈≈≈ §§≈≈≈≈§≈§§§§≈≈≈§§≈§
≈≈§≈≈≈≈≈≈§§≈≈≈≈≈≈≈≈≈§ §≈≈≈≈≈≈≈≈#########≈§§ ≈≈§§≈≈≈≈##.......##§§≈
≈≈≈≈§§≈##....@....##§§§§≈ ≈≈§§≈≈##...........##≈§§§ ≈≈≈§§##.............##≈§≈
≈≈§≈≈≈#....∩.....∩....#§≈≈ ≈≈≈≈§≈#...............#≈≈≈ ≈≈≈§≈§#.............∩.#≈≈§
≈§≈§≈≈#.∩.............#≈≈§ §≈≈§≈≈#...............#≈≈§ §§≈≈≈≈#....∩..........#≈§§
Turn 34599 on Bazaar: this bazaar is poop #..........##.......#
###...........##....... #.#............##...... #.'###..........##.....
#[).##...........###### #[:.)##............##.: #....###...........#...
#.....)###........#'... ##....@)###########.... ##[/...).)..[/ #)..#
##.".[.)|):|[ #..## ##.|.).)[.|/ #.## ########### ### Turn 38738 on Elf:3:
gaming ###...........##.......# #.#............##.......#
#.'###..........##......# #[).##...........######## #[:.)##............##.:.#
#....###...........#....# #.....)###........#'....# ##.....)###########....##
##[..=.).)..@.)).#)..## ##.".[.)|):|[:[.#..## ##.|.).)[.|....#.##
################# Turn 38805 on Elf:3: whoa there are artifact elemental staves
now ..................## ##. .##.#.#.##.#)..#..(# #. .........)..#.#....## #.
.##..........∩.))...####. #.....)#..#.#...)...... ###.##...#...#....####.
.....##.#.........## #. #######....#####.### #. #.)@..# #.#######.
#.).).#####......##. #...))#.##.......##. #.#####))..........## #.#
##.)...####### ### #.#.#.# #.### #.#.# # ### #...### ###.# ###.. #)=...### #.#
###.... Turn 38956 on Elf:3: this was a really good elf ....#........########
#####.................. ...................... ......∩..............
..................... ..................... .....................
..##############'####### ..# #.....@......# .÷#########............#
..#.......#............# ).#.......#............# ).#.......#............#
..#.......'............# ..'.......#..........).# ..#.......#....).......#
..#..)....#............# Turn 40803 on Vaults:2: cool room
###..†..........).....# #▓▓▓▓▓▓▓▓▓▓▓##....^▓▓ ▓▓▓▓...........^...▓▓
#▓............)......▓▓ .....^................▓▓ .......................▓
......^....†..^........▓ ......................▓ ............@^.......▓
....................▓▓ .....................▓▓ ..^.^.........^.......▓▓
.......................▓ .......................▓ ................^.....▓▓
▓▓^..........^.......▓▓ ▓...........^.▓▓▓▓ Turn 61966 on Zot:5: thanks trog good
timing

Levels and vault maps discovered:
D:1:      eino_arrival_water_cross, layout_rooms,
          shapermc_ecumenical_altar_pompeii
D:2:      kennysheep_big_flooded_room, layout_loops_cross,
          minmay_misc_feat_columns, uniq_terence
D:3:      minmay_evil_eye, layout_loops_ring, serial_forest,
          infiniplex_forest_lined_corner, infiniplex_forest_split,
          infiniplex_forest_end_1, infiniplex_forest_lined_room_,
          infiniplex_forest_lined_2, infiniplex_forest_corner_1,
          eino_tiny_chamber
D:4:      layout_cave_pools, mainiacjoe_overflow_catch_the_wave,
          gammafunk_ghost_arena
D:5:      layout_loops_ring, serial_shops, shop, nicolae_hexahallways,
          nicolae_fountain_basement
D:6:      wad_lake_hut, layout_rooms, minmay_temple_entry_stoned_glass,
          patterned_corridor
D:7:      layout_rooms, serial_corexii_hall, corexii_hall_statues_t,
          chequers_hall_statues_corner_a, corexii_hall_statues_u,
          corexii_hall_statues_x, uniq_joseph
D:8:      layout_rooms, nicolae_overflow_quartered_altars,
          gammafunk_ghost_wrathful_warriors,
          nicolae_concentric_dashed_squares_wild, minmay_puff, uniq_amaemon
D:9:      layout_roguey, grunt_dithmenos_shadows, lair_entry_dummy,
          nrook_campfire, uniq_maggie
D:10:     layout_roguey [special_room_orc]
D:11:     layout_stronghold, zombieorc1_lemuel, nicolae_trove_entry_free_sample,
          uniq_erolcha
D:12:     layout_cave_pools, uniq_kirke, uniq_azrael
D:13:     layout_stronghold, skrybe_vaults_entry_preservation
D:14:     layout_roguey, bloody_makhleb
D:15:     grunt_enter_depths_hoard, layout_basic,
          nicolae_uskayaw_murder_on_the_dancefloor, eino_curves_04, uniq_rupert
Lair:1:   layout_long_grid, portal_ice_cave_demonic_guard
Lair:2:   minmay_guarded_unrand_snakebite, layout_hall_layers,
          minmay_swamp_entry_eels, nicolae_spider_entry_non_spiders,
          ebering_ghost_funeral_grove
Lair:3:   cheibrodos_lair_overgrown_chateau, layout_chaotic_city,
          gauntlet_entry_generic
Lair:4:   statuecave_lemuel, layout_long_grid, lemuel_fruit_tree
Lair:5:   cheibrodos_lair_end_hotspot, layout_cave_pods, slime_entry_1
Swamp:1:  layout_basic_swamp, hangedman_swamp_lotus, swamp_pool1,
          nicolae_swamp_catching_bugs
Swamp:2:  layout_basic_swamp, serial_swamp_ruin, evilmike_swamp_ruin_house_2,
          hangedman_swamp_ruin_wall, evilmike_swamp_ruin_rubble_1, swamp_pool3
Swamp:3:  gammafunk_mikee_crab_dinner, layout_falls_marsh,
          hangedman_swamp_blocks, infiniplex_staircase_pool
Swamp:4:  swamp_vile, layout_basic_swamp, infiniplex_staircase_pool_2
Spider:1: layout_spider_delve, uniq_josephine, uniq_asterion
Spider:2: layout_spider_delve, hellmonk_motheaten_closet, uniq_arachne
Spider:3: layout_spider_delve
Spider:4: johnstein_spider_rune_arachne_lair
Slime:1:  cheibrodos_slime_lost_civilization_1, layout_caves
Slime:2:  layout_caves
Slime:3:  layout_caves
Slime:4:  layout_caves
Slime:5
Orc:1:    layout_caves, serial_shops, shop
Orc:2:    st_orc_mages, layout_caves, serial_shops,
          nicolae_shop_back_alley_shop, uniq_saint_roka, uniq_donald
Elf:1:    layout_loops_ring, serial_shops, bzr_entry_road,
          kennysheep_underground_church
Elf:2:    elven_hall_of_blades_hangedman_original
          [nicolae_blade_entry_hurt_lockers], layout_gridlike, serial_shops,
          shop, elves_outpost_lemuel, uniq_agnes
Elf:3:    elf_hall, layout_loops_corners, serial_glass, glass_columns_a,
          glass_columns_b, glass_columns_a, glass_columns_b, glass_columns_b,
          glass_columns_a, glass_columns_a, glass_columns_b, glass_columns_c,
          glass_columns_b, glass_columns_b, glass_columns_a, glass_columns_a,
          glass_columns_a, due_unseen_surprise, item_on_display_a,
          item_on_display_a, serial_shops, nicolae_shop_advertising_works
          [nicolae_subvault_shop_adworks]
Vaults:1: nicolae_vaults_mush_room, hangedman_vaults_nails,
          nicolae_vaults_weapon_check, vaults_mumra_lcd, nicolae_vaults_prndl,
          nicolae_vaults_rhombus_7, hangedman_vaults_hat,
          nicolae_vaults_what_the_h, nicolae_vaults_storage_closets_2,
          nicolae_vaults_little_squares_3, nicolae_vaults_little_squares_2,
          nicolae_vaults_surprise_closet, layout_vaults_omnicross, uniq_nikola
Vaults:2: nicolae_vaults_shrinking_rooms_1, vaults_room_boxed,
          nicolae_vaults_apartment_1, v_misc_14, v_misc_26,
          nicolae_vaults_library_corner, vaults_mumra_hex,
          nicolae_vaults_yaktaur_gun_rack, vaults_room_stairs_pillars,
          layout_vaults_omnigrid, dummy_crypt_entry, serial_shops, shop,
          uniq_margery
Vaults:3: ontoclasm_vaults_spin, v_pattern_5, nicolae_vaults_storage_room_water,
          nicolae_vaults_big_ls, dpeg_vaults_waves, hangedman_vaults_restitches,
          v_misc_24, nicolae_vaults_closet_pinwheel_4, v_rooms_3,
          nicolae_vaults_octothorpe, layout_vaults_maze_bifur, uniq_bai_suzhen
Vaults:4: nicolae_vaults_two_Ls, nicolae_vaults_specimen_jars,
          vaults_room_door_hall, nicolae_vaults_shipping_containers_7,
          vaults_mumra_chevron, nicolae_vaults_storage_room_statues,
          vaults_room_octagon, vaults_room_door_ring, grunt_vaults_funnel,
          nicolae_vaults_little_squares_5,
          nicolae_vaults_windows_and_doors_thing,
          nicolae_vaults_little_squares_3, nicolae_vaults_stepped_doors,
          nicolae_vaults_two_Ls, layout_vaults_big_room, serial_shops,
          nicolae_shop_mannequins
Vaults:5: serial_shops
Depths:1: layout_basic, serial_bayou, serial_bayou_ford_a,
          serial_bayou_lagoon_a, serial_bayou_pond_a, serial_bayou_pond_e,
          serial_bayou_shore_a, serial_bayou_pond_d, pf_hell_entry_tar_river,
          grunt_pan_entry_sceptre, serial_shops, nicolae_diamond_shop,
          kennysheep_mini_moat, hangedman_decor_push, slow_altar_1
Depths:2: minmay_three_patterns, layout_gridlike, hangedman_glass_teeth,
          hangedman_geh_valley, rand_demon_pan_entry_4, skrybe_limestone_x,
          kb_rosetta, serial_bayou_shore_b
Depths:3: minmay_the_grid_net [minmay_the_grid_diamond_grid,
          minmay_the_grid_tri_star, minmay_the_grid_tiny_cups,
          minmay_the_grid_x, minmay_the_grid_empty,
          minmay_the_grid_prize_four_corners_diamond_b], layout_cross,
          enter_ziggurat_e, grunt_pan_entry_in_and_out,
          hangedman_abyss_entry_splay, minmay_misc_feat_tiny, hell_entry
Depths:4: grunt_zot_entry_funnels, layout_gridlike, minmay_misc_feat_diagonals,
          rand_demon_pan_entry_5, hell_entry
Hell
Zot:1:    gammafunk_sealed_library, layout_concentric_octagons
Zot:2:    nicolae_moth_party, layout_misc_corridors
Zot:3:    kennysheep_room_grid, layout_misc_corridors, uniq_tiamat, uniq_vv
Zot:4:    layout_gridlike
Zot:5:    layout_cathedral_of_symmetry

Skill      XL: |  1  2  3  4  5  6  7  8  9 10 11 12 13 14 15 16 17 18 19 20 21 22 23 24 25 |
---------------+----------------------------------------------------------------------------+-----
Axes           | 4 5 6 7 8 9 11 13 15 17 19 21 23 25 26 | 26.0
Fighting       | 4 5 6 7 8 10 11 12 14 17 18 19 21 22 24 25 26 27 | 27.0
Armour         | 4 6 8 10 11 12 13 16 18 19 21 24 | 24.8
Dodging        | 3 5 7 9 12 15 17 20 22 23 25 | 25.6
Evocations     | 4 7 9 11 12 13 14 15 16 17 18 19 | 19.1

Action                     |  1- 3 |  4- 6 |  7- 9 | 10-12 | 13-15 | 16-18 | 19-21 | 22-24 | 25-27 || total
---------------------------+-------+-------+-------+-------+-------+-------+-------+-------+-------++-------
  Melee: Hand axe          |    51 |   118 |    70 |       |       |       |       |       |       ||   239
         Headbutt          |    10 |    28 |    32 |   117 |   137 |   140 |   239 |   268 |    98 ||  1069
         Punch             |       |     2 |     1 |       |       |       |       |       |       ||     3
         War axe           |       |       |    28 |       |       |       |       |       |       ||    28
         Battleaxe         |       |       |    76 |   543 |       |     7 |       |       |       ||   626
         Kick              |       |       |       |     6 |       |       |       |       |       ||     6
         Executioner's axe |       |       |       |    39 |   632 |   591 |   992 |   900 |   320 ||  3474
  Throw: Dart              |       |       |       |     6 |       |     1 |       |       |       ||     7
         Throwing net      |       |       |       |       |     2 |       |     2 |       |       ||     4
 Invoke: Berserk           |       |     2 |     6 |    12 |    13 |     7 |    11 |     6 |     1 ||    58
         Trog's Hand       |       |       |       |     7 |    11 |     2 |    17 |    11 |     6 ||    54
         Brothers in Arms  |       |       |       |       |     2 |     2 |     3 |     1 |     1 ||     9
  Evoke: Wand              |       |       |       |     7 |     5 |    16 |     7 |     1 |     3 ||    39
         Phial of floods   |       |       |       |       |     1 |       |       |       |     1 ||     2
         Lightning rod     |       |       |       |       |       |       |     2 |       |       ||     2
         Box of beasts     |       |       |       |       |       |       |       |       |     1 ||     1
    Use: Scroll            |     1 |     4 |     6 |    13 |    15 |    11 |    15 |    16 |     3 ||    84
         Potion            |       |       |       |     2 |     1 |     4 |     3 |    15 |     9 ||    34
   Stab: Held in net/web   |       |       |       |       |     1 |       |       |       |       ||     1
         Distracted        |       |       |       |       |     1 |       |     2 |       |     1 ||     4
         Betrayed ally     |       |       |       |       |       |       |     1 |       |       ||     1
         Invisible         |       |       |       |       |       |       |       |     1 |     5 ||     6
 Armour: Scale mail        |    13 |    37 |    30 |       |       |       |       |       |       ||    80
         Animal skin       |     1 |       |       |       |       |       |       |       |       ||     1
         Plate armour      |       |       |    44 |   320 |   208 |       |       |       |       ||   572
         Pearl dragon scal |       |       |       |       |   182 |   451 |   387 |   362 |   106 ||  1488
  Dodge: Dodged            |    27 |    56 |    87 |   240 |   270 |   344 |   475 |   765 |   271 ||  2535

Table legend: (Time is in decaauts)
 A = Elapsed time spent in this place.
 B = Non-inter-level travel time spent in this place.
 C = Inter-level travel time spent in this place.
 D = Time resting spent in this place.
 E = Time spent auto-exploring this place.
 F = Levels seen in this place.
 G = Mean time per level.
                   A        B        C        D        E       F      G
               +--------+--------+--------+--------+--------+-----+--------+
         Total |  62883 |  57917 |   4966 |  12666 |  33215 |  56 | 1122.9 |
       Dungeon |  14855 |  12734 |   2121 |   1852 |   8576 |  15 |  990.3 |
          Lair |   6574 |   5826 |    748 |    832 |   4065 |   5 | 1314.8 |
         Swamp |   4814 |   4563 |    251 |   1344 |   2361 |   4 | 1203.5 |
   Spider Nest |   6957 |   6852 |    105 |   3066 |   2368 |   4 | 1739.2 |
    Slime Pits |   1548 |   1480 |     68 |    867 |     66 |   5 |  309.6 |
  Orcish Mines |   1471 |   1248 |    223 |    189 |    776 |   2 |  735.5 |
   Elven Halls |   4797 |   4585 |    212 |   1105 |   2149 |   3 | 1599.0 |
        Vaults |   8636 |   7999 |    637 |    870 |   5690 |   5 | 1727.2 |
        Depths |   6054 |   5649 |    405 |    794 |   3958 |   4 | 1513.5 |
          Hell |      1 |      1 |      0 |      0 |      0 |   1 |    1.0 |
           Zot |   5548 |   5355 |    193 |    992 |   3024 |   5 | 1109.6 |
        Bazaar |     76 |     76 |      0 |      0 |     21 |   1 |   76.0 |
      Ice Cave |    610 |    610 |      0 |    205 |    157 |   1 |  610.0 |
      Gauntlet |    935 |    935 |      0 |    545 |      0 |   1 |  935.0 |
               +--------+--------+--------+--------+--------+-----+--------+

Top non-repeatable levels by time:
Spider:4: 3044 daAuts
   Elf:3: 2426 daAuts
Vaults:1: 2023 daAuts
  Lair:5: 1867 daAuts
Vaults:5: 1853 daAuts
Vaults:3: 1724 daAuts
Depths:2: 1693 daAuts
Spider:3: 1688 daAuts
Vaults:2: 1679 daAuts
 Swamp:3: 1631 daAuts
  Lair:2: 1623 daAuts
Depths:3: 1617 daAuts
Spider:2: 1605 daAuts
     D:7: 1554 daAuts
Depths:4: 1464 daAuts
